 Dungeon Crawl Stone Soup version 0.30-a0-4-ga7cffc901d (webtiles) character file.

Game seed: 8145111790061499439

1634 sanka the Conjurer (level 8, -8/60 HPs)
             Began as a Gnoll Conjurer on Aug 20, 2022.
             Was an Initiate of Ashenzari.
             Mangled by a gnoll
             ... wielding a +0 halberd of protection
             ... led by a gnoll bouda
              (9 damage)
             ... on level 7 of the Dungeon.
             The game lasted 00:10:05 (6446 turns).

sanka the Conjurer (Gnoll Conjurer)                 Turns: 6446, Time: 00:10:06

Health: -8/60      AC:  5    Str: 13    XL:     8   Next: 98%
Magic:  6/17       EV: 13    Int: 20    God:    Ashenzari [......]
Gold:   311        SH:  0    Dex: 10    Spells: 12/19 levels left

rFire   . . .      SeeInvis +    a - +2 dagger (elec)
rCold   . . .      Faith    .    (no shield)
rNeg    . . .      Spirit   .    j - +0 robe
rPois   .          Reflect  .    D - +0 helmet
rElec   .          Harm     .    s - +0 cloak
rCorr   .          Rampage  .    (no gloves)
Will    .....                    u - +0 pair of boots of the Fated Lifelessness {Alch, Elem} (curse)
Stlth   +++.......               (no amulet)
HPRegen 0.20/turn                H - +6 ring of strength
MPRegen 0.15/turn                F - ring of see invisible

@: attractive
A: fangs 1, strong nose, distributed training
a: Renounce Religion, Shatter the Chains


You were on level 7 of the Dungeon.
You worshipped Ashenzari.
Ashenzari was noncommittal.
You visited 2 branches of the dungeon, and saw 8 of its levels.

You collected 311 gold pieces.


Innate Abilities, Weirdness & Mutations

You have very sharp teeth.
Your uncanny sense of smell can sniff out nearby items.
Your experience applies equally to all skills.


   Skills:
 + Level 3.9 Fighting
 + Level 3.9 Short Blades
 + Level 3.9 Long Blades
 + Level 3.9 Axes
 + Level 3.9 Maces & Flails
 + Level 3.9 Polearms
 + Level 3.9 Staves
 + Level 3.9 Ranged Weapons
 + Level 3.9 Throwing
 + Level 3.9 Armour
 + Level 6.1 Dodging
 + Level 5.8 Stealth
 + Level 3.9 Shields
 + Level 3.9 Unarmed Combat
 + Level 6.4 Spellcasting
 + Level 7.8 Conjurations
 + Level 3.2 Hexes
 + Level 3.2 Summonings
 + Level 3.2 Necromancy
 + Level 3.2 Translocations
 + Level 3.2(3.6) Transmutations
 + Level 3.2(3.6) Fire Magic
 + Level 3.2(3.6) Ice Magic
 + Level 3.2(3.6) Air Magic
 + Level 3.2(3.6) Earth Magic
 + Level 3.2(3.6) Poison Magic
 + Level 4.2 Invocations
 + Level 3.9 Evocations


You had 12 spell levels left.
You knew the following spells:

 Your Spells              Type           Power      Damage    Failure   Level
x - Searing Ray           Conj           74%        2d7       1%          2
z - Magic Dart            Conj           100%       1d8       1%          1
Z - Fulminant Prism       Conj/Hex       14%        3d9       11%         4

Your spell library contained the following spells:

 Spells                   Type           Power      Damage    Failure   Level
 Apportation              Tloc           38%        N/A       2%          1
 Dazzling Flash           Conj/Hex       56%        N/A       3%          3
 Iskenderun's Mystic Bla  Conj/Tloc      28%        2d7       11%         4
 Corpse Rot               Necr/Pois/Air  20%        N/A       24%         4
 Dispel Undead            Necr           19%        3d11      26%         4
 Alistair's Intoxication  Tmut/Pois      13%        N/A       54%         5
 Death Channel            Necr           9%         N/A       99%         6

Inventory:

Hand Weapons
 a - a +2 dagger of electrocution (weapon)
 b - a +0 dagger of speed
 t - a +4 quarterstaff of chaos
 A - a +0 trident
 C - a +1 spear of freezing
Armour
 j - a +0 robe (worn)
 s - a +0 cloak (worn)
 u - the cursed +0 pair of boots of the Fated Lifelessness (worn) {Alch, Elem}

   It has a curse which improves the following skills: Alchemy: Poison Magic and
   Transmutations.
   Elements:  Fire Magic, Ice Magic, Air Magic and Earth Magic.
 D - a +0 helmet (worn)
Jewellery
 i - a ring of resist corrosion
 E - a ring of flight
 F - a ring of see invisible (right hand)
 H - a +6 ring of strength (left hand)
Wands
 I - a wand of paralysis (8)
 J - a wand of mindburst (5)
Scrolls
 c - 4 scrolls of blinking
 k - a scroll of torment {unknown}
 p - 2 scrolls of teleportation {@r4}
 q - a scroll of enchant armour {unknown}
 r - a scroll of silence {unknown}
 w - a scroll of enchant weapon {unknown}
 x - 2 scrolls of butterflies
 y - 2 scrolls of vulnerability {!r}
 z - a scroll of amnesia {unknown}
 B - 2 scrolls of summoning
 K - a scroll of brand weapon {unknown}
Potions
 d - 6 potions of curing {unknown}
 e - 2 potions of haste {unknown}
 f - 2 potions of might {unknown}
 g - a potion of degeneration {unknown}
 h - 2 potions of mutation {unknown}
 l - 2 potions of heal wounds {unknown}
 m - 2 potions of attraction {!q}
 o - a potion of invisibility {unknown}
 G - a potion of cancellation {unknown}

Dungeon Overview and Level Annotations

Branches:
Dungeon (7/15)             Temple (1/1) D:6

Altars:
Ashenzari
Cheibriados
Elyvilon
Gozag
Hepliaklqana
Makhleb
Nemelex Xobeh
Okawaru
Sif Muna
Trog
Uskayaw
Wu Jian
Yredelemnul

Annotations:
D:5 3 runed translucent doors, Nebesus's ghost, novice NaNe

▒.......▒▒ .
▒..Y)....▒▒ ..
▒▒........▒ ...
▒▒.......▒▒▒▒...
▒..............
▒▒.g......▒▒▒..
▒▒▒▒g*......▒▒
▒▒▒▒.ggg.▒......▒▒
▒....g▒▒▒▒▒▒▒▒...▒▒
▒....▒▒▒▒ ▒▒...▒▒
.... ▒▒...▒▒ ▒.
▒▒...▒▒ ▒▒...▒
▒▒... ▒▒.. ▒▒.
▒▒▒▒.


You could see a gnoll bouda (ally target), 4 gnolls and a friendly fulminant
prism.


Message History

The gnoll is no longer moving quickly.
The gnoll is no longer moving quickly.
The gnoll barely misses you. The gnoll hits you with a +0 whip.
* * * LOW HITPOINT WARNING * * *
The gnoll bouda hits your fulminant prism with a +0 club!
Your fulminant prism detonates feebly.
The gnoll barely misses you.
Unknown command.
Unknown command.
Unknown command.
Aiming: Fulminant Prism (dangerous; 11% risk of failure)
You conjure a prism of explosive energy!
A fulminant prism comes into view.
The gnoll closely misses you. The gnoll closely misses you.
The gnoll bouda hits your fulminant prism with a +0 club.
Your fulminant prism detonates feebly.
The gnoll hits you with a +0 whip!
* * * LOW HITPOINT WARNING * * *
Unknown command.
Unknown command.
Unknown command.
Aiming: Fulminant Prism (dangerous; 11% risk of failure)
You conjure a prism of explosive energy!
A fulminant prism comes into view.
The gnoll hits you with a +0 whip.
* * * LOW HITPOINT WARNING * * *
The gnoll hits you from afar with a +0 halberd of protection!
You die...

Action                   |  1- 3 |  4- 6 |  7- 9 || total
-------------------------+-------+-------+-------++-------
Melee: Dagger            |     2 |       |    26 ||    28
       Bite              |       |       |     2 ||     2
       Punch             |       |       |     1 ||     1
 Cast: Magic Dart        |    55 |    62 |    69 ||   186
       Searing Ray       |     2 |    12 |    14 ||    28
       Fulminant Prism   |       |       |     5 ||     5
Invok: Curse Item        |       |       |     1 ||     1
  Use: Scroll            |       |       |     5 ||     5
       Potion            |       |       |     2 ||     2
 Stab: Sleeping          |     1 |       |     8 ||     9
Armor: Robe              |     2 |     3 |    12 ||    17
Dodge: Dodged            |     3 |    22 |    52 ||    77

Levels and vault maps discovered:
D:1:      dpeg_arrival_simpleton_c, layout_basic
D:2:      layout_rooms, basic_altar, nicolae_ecumenical_pavilion, uniq_sigmund,
          uniq_crazy_yiuf_cottage, uniq_terence
D:3:      layout_loops_corners, minmay_misc_feat_plants,
          hangedman_abyss_or_decor_stabs
D:4:      layout_basic
D:5:      layout_loops_ring, gammafunk_ghost_nasty_kobolds, feat_on_display
D:6:      layout_basic, slow_altar_2, nzn_wu_jian_council_hall,
          minmay_temple_entry_glassed_door, grunt_ministairs_3,
          reono_crystal_passage, uniq_eustachio
D:7:      layout_cave_pods, nicolae_qazlal_style_of_elements
Temple:   bh_familiar_temple

Notes
Turn   | Place    | Note
-------+----------+-------------------------------------------
     0 | D:1      | sanka the Gnoll Conjurer began the quest for the Orb.
     0 | D:1      | Reached XP level 1. HP: 13/13 MP: 6/6
   256 | D:1      | Reached XP level 2. HP: 17/19 MP: 4/7
   307 | D:1      | Learned a level 2 spell: Searing Ray
  1047 | D:2      | Reached skill level 5 in Spellcasting
  1047 | D:2      | Reached XP level 3. HP: 25/25 MP: 5/9
  1177 | D:2      | Reached skill level 1 in Invocations
  1240 | D:2      | Found a runed translucent door.
  1241 | D:2      | Noticed Crazy Yiuf
  1307 | D:2      | Reached skill level 1 in Fighting
  1307 | D:2      | Reached skill level 1 in Short Blades
  1307 | D:2      | Reached skill level 1 in Long Blades
  1307 | D:2      | Reached skill level 1 in Axes
  1307 | D:2      | Reached skill level 1 in Maces & Flails
  1307 | D:2      | Reached skill level 1 in Polearms
  1307 | D:2      | Reached skill level 1 in Staves
  1307 | D:2      | Reached skill level 1 in Ranged Weapons
  1307 | D:2      | Reached skill level 1 in Throwing
  1307 | D:2      | Reached skill level 1 in Armour
  1307 | D:2      | Reached skill level 1 in Shields
  1307 | D:2      | Reached skill level 1 in Unarmed Combat
  1307 | D:2      | Reached skill level 1 in Evocations
  1347 | D:2      | Found a hazy altar of Hepliaklqana.
  1361 | D:2      | Noticed Sigmund
  1453 | D:2      | Killed Sigmund
  1454 | D:2      | Reached skill level 1 in Hexes
  1454 | D:2      | Reached skill level 1 in Summonings
  1454 | D:2      | Reached skill level 1 in Necromancy
  1454 | D:2      | Reached skill level 1 in Translocations
  1454 | D:2      | Reached skill level 1 in Transmutations
  1454 | D:2      | Reached skill level 1 in Fire Magic
  1454 | D:2      | Reached skill level 1 in Ice Magic
  1454 | D:2      | Reached skill level 1 in Air Magic
  1454 | D:2      | Reached skill level 1 in Earth Magic
  1454 | D:2      | Reached skill level 1 in Poison Magic
  1454 | D:2      | Reached skill level 2 in Invocations
  1454 | D:2      | Reached XP level 4. HP: 33/33 MP: 3/11
  1454 | D:2      | Reached XP level 5. HP: 38/38 MP: 3/12
  1538 | D:2      | Noticed Terence
  1550 | D:2      | Killed Terence
  1551 | D:2      | Reached XP level 6. HP: 40/44 MP: 1/14
  1848 | D:2      | Reached skill level 5 in Dodging
  1955 | D:2      | Found a faded altar of an unknown god.
  2102 | D:2      | Reached skill level 2 in Fighting
  2102 | D:2      | Reached skill level 2 in Short Blades
  2102 | D:2      | Reached skill level 2 in Long Blades
  2102 | D:2      | Reached skill level 2 in Axes
  2102 | D:2      | Reached skill level 2 in Maces & Flails
  2102 | D:2      | Reached skill level 2 in Polearms
  2102 | D:2      | Reached skill level 2 in Staves
  2102 | D:2      | Reached skill level 2 in Ranged Weapons
  2102 | D:2      | Reached skill level 2 in Throwing
  2102 | D:2      | Reached skill level 2 in Armour
  2102 | D:2      | Reached skill level 2 in Shields
  2102 | D:2      | Reached skill level 2 in Unarmed Combat
  2102 | D:2      | Reached skill level 2 in Evocations
  2214 | D:2      | Killed Crazy Yiuf
  3806 | D:4      | Noticed a black bear
  3812 | D:4      | Killed a black bear
  3813 | D:4      | Reached XP level 7. HP: 51/51 MP: 6/15
  3872 | D:5      | Entered Level 5 of the Dungeon
  3888 | D:5      | Reached skill level 2 in Hexes
  3888 | D:5      | Reached skill level 2 in Summonings
  3888 | D:5      | Reached skill level 2 in Necromancy
  3888 | D:5      | Reached skill level 2 in Translocations
  3888 | D:5      | Reached skill level 2 in Transmutations
  3888 | D:5      | Reached skill level 2 in Fire Magic
  3888 | D:5      | Reached skill level 2 in Ice Magic
  3888 | D:5      | Reached skill level 2 in Air Magic
  3888 | D:5      | Reached skill level 2 in Earth Magic
  3888 | D:5      | Reached skill level 2 in Poison Magic
  4058 | D:5      | Reached skill level 5 in Stealth
  4117 | D:5      | Found a runed translucent gate.
  4117 | D:5      | Found a runed translucent gate.
  4117 | D:5      | Found a runed translucent gate.
  4120 | D:5      | Noticed Nebesus's ghost (novice NaNe)
  4166 | D:5      | Reached skill level 3 in Invocations
  4591 | D:5      | Reached skill level 3 in Fighting
  4591 | D:5      | Reached skill level 3 in Short Blades
  4591 | D:5      | Reached skill level 3 in Long Blades
  4591 | D:5      | Reached skill level 3 in Axes
  4591 | D:5      | Reached skill level 3 in Maces & Flails
  4591 | D:5      | Reached skill level 3 in Polearms
  4591 | D:5      | Reached skill level 3 in Staves
  4591 | D:5      | Reached skill level 3 in Ranged Weapons
  4591 | D:5      | Reached skill level 3 in Throwing
  4591 | D:5      | Reached skill level 3 in Armour
  4591 | D:5      | Reached skill level 3 in Shields
  4591 | D:5      | Reached skill level 3 in Unarmed Combat
  4591 | D:5      | Reached skill level 3 in Evocations
  4591 | D:5      | Reached XP level 8. HP: 58/58 MP: 16/16
  5022 | D:6      | Found an ornate altar of the Wu Jian Council.
  5067 | D:6      | Found a staircase to the Ecumenical Temple.
  5089 | Temple   | Entered the Ecumenical Temple
  5200 | Temple   | Became a worshipper of Ashenzari the Shackled
  5367 | D:6      | Noticed Eustachio
  5379 | D:6      | Killed Eustachio
  5380 | D:6      | Reached skill level 6 in Spellcasting
  5509 | D:6      | Identified the +1 robe "Luprucu" {+Blink Regen+ Str+2
                  | Int-3}
  5557 | D:6      | Found a snail-covered altar of Cheibriados.
  5913 | D:6      | Reached skill level 3 in Hexes
  5913 | D:6      | Reached skill level 3 in Summonings
  5913 | D:6      | Reached skill level 3 in Necromancy
  5913 | D:6      | Reached skill level 3 in Translocations
  5913 | D:6      | Reached skill level 3 in Transmutations
  5913 | D:6      | Reached skill level 3 in Fire Magic
  5913 | D:6      | Reached skill level 3 in Ice Magic
  5913 | D:6      | Reached skill level 3 in Air Magic
  5913 | D:6      | Reached skill level 3 in Earth Magic
  5913 | D:6      | Reached skill level 3 in Poison Magic
  5913 | D:6      | Reached skill level 4 in Invocations
  6040 | D:6      | Learned a level 4 spell: Fulminant Prism
  6062 | D:7      | Reached skill level 6 in Dodging
  6445 | D:7      | HP: 6/60 [gnoll/+0 whip[a gnoll bouda] (8)]
  6446 | D:7      | HP: 1/60 [gnoll/+0 whip[a gnoll bouda] (5)]
  6446 | D:7      | Mangled by a gnoll

Vanquished Creatures
  Sigmund (D:2)
  Eustachio (D:6)
  An ice beast (D:5)
  A black bear (D:4)
  2 ogres
  A phantom (D:6)
  A gnoll sergeant (D:7)
  2 scorpions (D:5)
  3 necrophages
  A howler monkey (D:7)
  4 hounds
  Crazy Yiuf (D:2)
  A jelly (D:6)
  An iguana (D:5)
  Terence (D:2)
  2 orc wizards
  6 gnolls
  7 adders
  4 worms
  3 dart slugs
  15 orcs
  4 ball pythons
  7 endoplasms
  3 giant cockroaches
  3 goblins
  A hobgoblin (D:2)
  2 jackals (D:2)
  5 quokkas
  6 bats
  3 frilled lizards
  7 kobolds
  3 rats
103 creatures vanquished.

Vanquished Creatures (others)
  4 fulminant prisms (D:7)
  A fungus (D:5)
  3 plants (D:5)
8 creatures vanquished.

Grand Total: 111 creatures vanquished
